 Dungeon Crawl Stone Soup version 0.30-a0-845-g7c6808c (webtiles) character file.

Game seed: 224842644575547573

274 Illumine the Chopper (level 5, 0/69 HPs)
             Began as a Demigod Fighter on Mar 3, 2023.
             Slain by Eustachio
             ... wielding a +0 falchion
              (7 damage)
             ... on level 4 of the Dungeon.
             The game lasted 00:02:35 (2724 turns).

Illumine the Chopper (Demigod Fighter)              Turns: 2724, Time: 00:02:36

Health: 0/69       AC: 22    Str: 21    XL:     5   Next: 72%
Magic:  7/7        EV:  2    Int: 10    God:
Gold:   210        SH:  5    Dex: 13    Spells: 4/4 levels left

rFire   . . .      SeeInvis .    a - +0 war axe
rCold   . . .      Faith    .    c - +0 buckler
rNeg    . . .      Spirit   .    n - melded +0 chain mail
rPois   +          Reflect  .    (helmet currently unavailable)
rElec   .          Rampage  .    (cloak currently unavailable)
rCorr   .          NoTele   +    (gloves currently unavailable)
Will    .....                    (boots currently unavailable)
Stlth   +                        (no amulet)
HPRegen 0.31/turn                (no ring)
MPRegen 0.10/turn                (no ring)

@: tree-form
A: stationary, stasis, torment immunity, boosted hp, high MP 1, forlorn, divine
attributes
a: no special abilities


You were on level 4 of the Dungeon.
You were a tree.
You visited 1 branch of the dungeon, and saw 4 of its levels.

You collected 210 gold pieces.

Inventory:

Hand Weapons
 a - a +0 war axe (weapon)
Armour
 b - a +0 scale mail
 c - a +0 buckler (worn)
 n - a +0 chain mail (melded)
Jewellery
 e - a ring of resist corrosion
Scrolls
 i - 2 scrolls of identify
 j - a scroll of brand weapon {unknown}
 k - a scroll of teleportation {unknown}
 m - a scroll of butterflies {unknown}
 o - a scroll of enchant armour {unknown}
Potions
 f - 2 potions of attraction
 g - 2 potions of lignification
 h - 3 potions of curing
 l - a potion of ambrosia {unknown}


   Skills:
 + Level 3.8 Fighting
 * Level 4.2 Axes
 - Level 2.6 Armour
 + Level 3.8 Shields


You had 4 spell levels left.
You didn't know any spells.
Your spell library contained the following spells:

 Spells                   Type           Power      Damage    Failure   Level
 Static Discharge         Conj/Air       0%         2-2/arc   58%         2
 Ozocubu's Armour         Ice            0%         N/A       82%         3
 Vhi's Electric Charge    Tloc/Air       0%         N/A       82%         3
 Arcjolt                  Conj/Air       0%         1d10      100%        5
 Lightning Bolt           Conj/Air       0%         1d11      100%        5
 Ozocubu's Refrigeration  Ice            0%         4d7       100%        7


Dungeon Overview and Level Annotations

Branches:
Dungeon (4/15)
 Temple: D:4-7

Annotations:
D:4 Duvessa, Eustachio, Pargi


Innate Abilities, Weirdness & Mutations

You are a tree.
Your roots penetrate the ground, keeping you stationary.
You cannot be teleported.
You are immune to unholy pain and torment.
Your maximum health is greatly increased.
Your equipment is partially melded.
You have an increased reservoir of magic. (+10% MP)
You shall have no god before yourself.
Your divine heritage dramatically boosts your attributes as you level up.


Message History

You hit Eustachio.
Eustachio is heavily wounded.
You hit Pargi. Pargi bites you but does no damage. You block Pargi's attack.
Pargi claws you but does no damage.
Eustachio growls, "To hell with you, honourless miscreant!"
Eustachio hits you but does no damage.
You slash Eustachio!
Eustachio is almost dead.
You barely miss Pargi. Pargi bites you but does no damage.
Pargi claws you but does no damage. You block Pargi's attack.
Eustachio hits you with a +0 falchion.
* * * LOW HITPOINT WARNING * * *
Pargi bites you but does no damage. Pargi claws you but does no damage.
Pargi claws you.
* * * LOW HITPOINT WARNING * * *
Eustachio gestures wildly while chanting.
Eustachio blinks!
Eustachio is attracted toward you.
You closely miss Pargi.
Pargi is heavily wounded.
You block Pargi's attack. Pargi claws you but does no damage. x2
Eustachio gestures wildly while chanting.
Eustachio blinks!
You hit Pargi but do no damage.
Pargi is heavily wounded.
You barely miss Eustachio. You block Pargi's attack.
Pargi claws you but does no damage. x2; Eustachio hits you with a +0 falchion.
* * * LOW HITPOINT WARNING * * *
You feel less attractive to monsters.
You closely miss Pargi.
Pargi is heavily wounded.
You barely miss Eustachio. You block Pargi's attack.
Pargi claws you but does no damage. Pargi claws you.
* * * LOW HITPOINT WARNING * * *
Eustachio says, "Summoning is fun!"
You block Eustachio's attack. Pargi bites you.
* * * LOW HITPOINT WARNING * * *
Pargi claws you but does no damage. Pargi claws you.
* * * LOW HITPOINT WARNING * * *
Eustachio hits you with a +0 falchion!
You die...

(#....... #......
#.>$.. #.... #..§
#..# .... #r.#
#.... ##T## ....
#..♣###..# .##
##+##.@.....# ..#
...........### ....
#######..§...#.....
#......#.....
##...........
###.......#.
#......§..#
#..<..#.......


You could see Eustachio, Pargi and a river rat (summoned).

Vanquished Creatures
  A phantom (D:3)
  A hound (D:3)
  Jessica (D:2)
  An orc wizard (D:3)
  Robin (D:2)
  An adder (D:2)
  2 worms (D:2)
  2 dart slugs (D:2)
  6 orcs
  3 ball pythons
  A bat (D:3)
  6 endoplasms
  3 giant cockroaches
  17 goblins
  7 hobgoblins
  2 jackals (D:2)
  8 kobolds
  3 quokkas
  5 frilled lizards
  4 rats
75 creatures vanquished.

Notes
Turn   | Place    | Note
-------+----------+-------------------------------------------
     0 | D:1      | Illumine the Demigod Fighter began the quest for the Orb.
     0 | D:1      | Reached XP level 1. HP: 18/18 MP: 3/3
   117 | D:1      | Reached skill level 2 in Axes
   312 | D:1      | Reached XP level 2. HP: 20/25 MP: 4/4
   765 | D:2      | Noticed Jessica
   773 | D:2      | Killed Jessica
   774 | D:2      | Reached XP level 3. HP: 17/31 MP: 5/5
   888 | D:2      | Noticed Robin
   919 | D:2      | Reached skill level 3 in Axes
  1107 | D:2      | Reached XP level 4. HP: 38/38 MP: 6/6
  1617 | D:2      | Killed Robin
  1722 | D:3      | Noticed a phantom
  1736 | D:3      | Killed a phantom
  1737 | D:3      | Reached XP level 5. HP: 42/45 MP: 7/7
  2301 | D:3      | Reached skill level 4 in Axes
  2497 | D:4      | Noticed Duvessa
  2700 | D:4      | Noticed Pargi
  2703 | D:4      | Noticed a +0 dagger
  2703 | D:4      | Noticed Eustachio
  2703 | D:4      | Noticed a +0 spear
  2705 | D:4      | Noticed a +0 falchion
  2706 | D:4      | Noticed a +0 spear
  2708 | D:4      | Noticed a +0 falchion
  2724 | D:4      | Slain by Eustachio

Illustrated notes

Levels and vault maps discovered:
D:1:      heliophobic_arrival_glass_houses, layout_basic, serial_rivers,
          chequers_serial_rivers_micro_a, chequers_serial_rivers_room_b,
          chequers_serial_rivers_micro_c, chequers_serial_rivers_large_b,
          minmay_unequal
D:2:      layout_basic, uniq_jessica, uniq_robin
D:3:      layout_basic, kennysheep_orc_sif_temple, dk_noncrumbling_4
D:4:      layout_cave_pools, zin_treasury, nicolae_uskayaw_en_pointe,
          cheibrodos_sewer_entry_bend, uniq_eustachio, uniq_duvessa,
          uniq_menkaure, uniq_pargi

Skill      XL: |  1  2  3  4  5 |
---------------+----------------+-----
Axes           | 2 3 4 |  4.2
Fighting       | 3 |  3.8
Shields        | 3 |  3.8
Armour         | |  2.6

Action                     |  1- 3 |  4- 6 || total
---------------------------+-------+-------++-------
  Melee: War axe           |   107 |    99 ||   206
    Use: Potion            |       |     4 ||     4
         Scroll            |       |     1 ||     1
 Armour: Scale mail        |    41 |    19 ||    60
         Chain mail        |       |    51 ||    51
         Skin              |       |    42 ||    42
  Dodge: Dodged            |    39 |    48 ||    87
  Block: Buckler           |    26 |    48 ||    74

Table legend: (Time is in decaauts)
 A = Elapsed time spent in this place.
 B = Non-inter-level travel time spent in this place.
 C = Inter-level travel time spent in this place.
 D = Time resting spent in this place.
 E = Time spent auto-exploring this place.
 F = Levels seen in this place.
 G = Mean time per level.
                   A        B        C        D        E       F      G
               +--------+--------+--------+--------+--------+-----+--------+
         Total |   2860 |   2757 |    103 |    216 |   1976 |   4 |  715.0 |
       Dungeon |   2860 |   2757 |    103 |    216 |   1976 |   4 |  715.0 |
               +--------+--------+--------+--------+--------+-----+--------+

Top non-repeatable levels by time:
     D:3: 1043 daAuts
     D:2: 900 daAuts
     D:1: 837 daAuts
     D:4: 78 daAuts
